[Event "Titled Tuesday Blitz August 23 Early 2022"]
[White "Godzwon, Iwo"]
[Black "Bykhovsky, Anatoly"]
[WhiteFideId "21802483"]
[BlackFideId "2806991"]
[WhiteElo "2201"]
[BlackElo "2540"]
[Result "0-1"]
[Round "03"]
[TimeControl "180+1"]
[Date "2022.08.23"]
[WhiteClock "0:00:12"]
[BlackClock "0:00:35"]

1. e4 c5 2. Nf3 d6 3. c3 Nf6 4. h3 g6 5. Bd3 Bg7 6. Bc2 O-O 7. d4 cxd4 8. cxd4 Nc6 9. O-O Nb4 10. Bb3 d5 11. e5 Ne4 12. Nc3 Bf5 13. Nh4 e6 14. Nxf5 gxf5 15. Ne2 f6 16. Nf4 Qe7 17. f3 Ng3 18. Re1 fxe5 19. dxe5 Rae8 20. a3 Nc6 21. Nxe6 Bxe5 22. Rxe5 Nxe5 23. Nxf8 Nxf3+ 24. gxf3 Qc5+ 25. Kg2 Re2+ 26. Kxg3 Qf2+ 27. Kf4 Qh2+ 28. Kxf5 Qe5+ 29. Kg4 Rg2+ 30. Kh4 Qg3+ 31. Kh5 Qxh3# 0-1


[Site "https://www.chess.com"]

[Event "Titled Tuesday Blitz August 23 Early 2022"]
[White "Goryachkina, Aleksandra"]
[Black "Grandelius, Nils"]
[WhiteFideId "4147103"]
[BlackFideId "1710400"]
[WhiteElo "2426"]
[BlackElo "2617"]
[Result "1-0"]
[Round "03"]
[TimeControl "180+1"]
[Date "2022.08.23"]
[WhiteClock "0:00:21"]
[BlackClock "0:00:08"]

1. e4 c5 2. Nf3 d6 3. Bb5+ Nc6 4. O-O Bd7 5. c3 a6 6. Bxc6 Bxc6 7. Re1 Nf6 8. e5 Nd5 9. d4 e6 10. c4 Nb6 11. d5 Bd7 12. exd6 Bxd6 13. Ng5 O-O 14. Qh5 h6 15. dxe6 Bxe6 16. Nxe6 fxe6 17. Nc3 Qe8 18. Qg4 Rf6 19. Be3 Rg6 20. Qe4 Qf7 21. Rad1 Bf8 22. Rd2 Re8 23. Red1 Rf6 24. f3 Qg6 25. Bf2 Qxe4 26. Nxe4 Rf7 27. b3 Be7 28. Nxc5 Bxc5 29. Bxc5 Nc8 30. Rd8 1-0


[Site "https://www.chess.com"]

[Event "Titled Tuesday Blitz August 23 Early 2022"]
[White "Hardaway, Brewington"]
[Black "Drygalov, Andrey"]
[WhiteFideId "30941849"]
[BlackFideId "24171735"]
[WhiteElo "1813"]
[BlackElo "2531"]
[Result "1-0"]
[Round "03"]
[TimeControl "180+1"]
[Date "2022.08.23"]
[WhiteClock "0:00:07"]
[BlackClock "0:00:06"]

1. e4 c5 2. Nf3 d6 3. d4 cxd4 4. Nxd4 Nf6 5. Nc3 a6 6. Be2 e5 7. Nb3 Be7 8. Be3 Be6 9. f4 exf4 10. Bxf4 Nc6 11. Qd2 d5 12. O-O-O dxe4 13. Qe3 Qc8 14. Qg3 O-O 15. Bh6 g6 16. Bxf8 Qxf8 17. h4 h5 18. Kb1 Rc8 19. Rhf1 Nb4 20. Nd4 Bg4 21. a3 Nc6 22. Bxg4 Nxg4 23. Nxc6 Rxc6 24. Nxe4 Qc8 25. Rd2 f5 26. Qb3+ Kg7 27. Nc3 Bxh4 28. Rfd1 Bf6 29. Nd5 Bg5 30. Re2 Rd6 31. c4 b5 32. Qc3+ Bf6 33. Qb4 Qd7 34. Red2 Bg5 35. Rd4 bxc4 36. Qxc4 Qc6 37. Qxc6 Rxc6 38. Nb4 Re6 39. Rd7+ Kh6 40. R7d6 Re2 41. Rxa6 Bf6 42. Nd3 Kg5 43. a4 Rxg2 44. Rc6 Ne3 45. Re1 Nd5 46. a5 Rd2 47. a6 Bd4 48. a7 Bxa7 49. Ne5 Nf4 50. Nf3+ Kg4 51. Nxd2 h4 52. Ra6 Bf2 53. Rf1 Be3 54. Nc4 Bd4 55. Rd6 Bg7 56. Rd2 h3 57. Ne3+ Kg3 58. Rdf2 Be5 59. Rf3+ Kh4 60. Rxf4+ Bxf4 61. Rxf4+ Kg3 62. Rf1 f4 63. Nd5 f3 64. Ne3 Kf4 65. Nd1 g5 66. b4 g4 67. b5 g3 68. b6 g2 69. Re1 h2 70. b7 g1=Q 71. b8=Q+ Kf5 72. Qf8+ Kg4 73. Rxg1+ hxg1=Q 74. Qg8+ Kh3 75. Qxg1 f2 76. Nxf2+ 1-0


[Site "https://www.chess.com"]

[Event "Titled Tuesday Blitz August 23 Early 2022"]
[White "Kadric, Denis"]
[Black "Nakamura, Hikaru"]
[WhiteFideId "14403803"]
[BlackFideId "2016192"]
[WhiteElo "2657"]
[BlackElo "2850"]
[Result "0-1"]
[Round "03"]
[TimeControl "180+1"]
[Date "2022.08.23"]
[WhiteClock "0:00:17"]
[BlackClock "0:00:34"]

1. e4 g6 2. d4 Bg7 3. Nc3 c6 4. f4 d5 5. e5 h5 6. Nf3 Bg4 7. h3 Bxf3 8. Qxf3 e6 9. Be3 h4 10. Bd3 Ne7 11. O-O Nd7 12. Ne2 Nf5 13. Bf2 Bf8 14. b3 a5 15. c4 Be7 16. Rfc1 Kf8 17. a4 Bb4 18. Ra2 Nb6 19. Qg4 Kg7 20. Kh2 Qd7 21. c5 Nc8 22. Bxf5 exf5 23. Qg5 Qe7 24. Qxe7 Nxe7 25. Ng1 Rh5 26. Nf3 Rah8 27. Be1 Nc8 28. Bxb4 axb4 29. a5 Na7 30. a6 Rb8 31. axb7 Rxb7 32. Ra6 Nb5 33. Rxc6 Rh8 34. Rb6 Rhb8 35. Rxb7 Rxb7 36. c6 Rc7 37. Rc5 Nc3 38. Nxh4 Ne2 39. Nf3 Nxf4 40. Kg3 Ne6 41. Rxd5 Rxc6 42. Rb5 Rc3 43. Rxb4 g5 44. d5 Nf4 45. d6 Rd3 46. Rd4 Ne2+ 47. Kf2 Nxd4 48. Ne1 Rd1 0-1


[Site "https://www.chess.com"]

[Event "Titled Tuesday Blitz August 23 Early 2022"]
[White "Karolczuk, Iwo"]
[Black "Malicka, Maria"]
[WhiteFideId "21816972"]
[BlackFideId "1197576"]
[WhiteElo "2270"]
[BlackElo "1931"]
[Result "1-0"]
[Round "03"]
[TimeControl "180+1"]
[Date "2022.08.23"]
[WhiteClock "0:02:42"]
[BlackClock "0:02:31"]

1. e4 c5 2. Nc3 d6 3. d4 cxd4 4. Qxd4 Nf6 5. b3 Nc6 6. Qd2 g6 7. Bb2 Bg7 8. O-O-O a6 9. f3 Qc7 10. g4 b5 11. Kb1 h5 12. Nd5 Nxd5 13. Bxg7 Rg8 14. exd5 Rxg7 15. dxc6 hxg4 16. fxg4 Qxc6 17. Bg2 1-0


[Site "https://www.chess.com"]

[Event "Titled Tuesday Blitz August 23 Early 2022"]
[White "Maksimovic, Bojan"]
[Black "Subelj, Jan"]
[WhiteFideId "14408120"]
[BlackFideId "14618583"]
[WhiteElo "2447"]
[BlackElo "2331"]
[Result "0-1"]
[Round "03"]
[TimeControl "180+1"]
[Date "2022.08.23"]
[WhiteClock "0:00:01"]
[BlackClock "0:00:13"]

1. e4 c5 2. Nf3 Nc6 3. Nc3 Nf6 4. Bb5 Nd4 5. e5 Nxb5 6. Nxb5 Nd5 7. Ng5 f6 8. exf6 Nxf6 9. Qe2 e6 10. d4 a6 11. Na3 cxd4 12. Nc4 Be7 13. O-O O-O 14. Nf3 b5 15. Nce5 Qb6 16. c3 d6 17. Nd3 dxc3 18. Be3 Qb7 19. bxc3 e5 20. Nd2 Bf5 21. c4 Rfc8 22. Rfc1 Rc7 23. cxb5 Rxc1+ 24. Rxc1 Qxb5 25. Nc4 Rc8 26. Ndb2 Be6 27. a4 Qb3 28. Na5 Rxc1+ 29. Bxc1 Qc3 30. Qd2 Qxd2 31. Bxd2 d5 32. f3 Bd7 33. Kf1 Kf7 34. Nb3 Ke6 35. Ke2 Bc6 36. Nd3 Nd7 37. a5 Bb5 38. Ke3 d4+ 39. Ke2 Nb8 40. Be1 Nc6 41. Kd2 Bc4 42. Kc2 Kd5 43. Nb2 Bb5 44. Nd3 Bxd3+ 45. Kxd3 Bb4 46. Bh4 Nxa5 47. Nc1 Nc6 48. Ne2 Bd6 49. Ng3 Nb4+ 50. Kd2 Ke6 51. Ne4 h6 52. Bd8 Nd5 53. Kd3 Bc7 0-1


[Site "https://www.chess.com"]

[Event "Titled Tuesday Blitz August 23 Early 2022"]
[White "Mekhitarian, Krikor Sevag"]
[Black "Vlachos, Anatole"]
[WhiteFideId "2107660"]
[BlackFideId "26093189"]
[WhiteElo "2603"]
[BlackElo "2343"]
[Result "1-0"]
[Round "03"]
[TimeControl "180+1"]
[Date "2022.08.23"]
[WhiteClock "0:00:52"]
[BlackClock "0:00:19"]

1. e4 g6 2. d4 Bg7 3. Nc3 d6 4. h4 h5 5. f3 a6 6. Be3 b5 7. Qd2 Bb7 8. Nh3 Nd7 9. Ng5 e6 10. O-O-O Ngf6 11. Kb1 Qe7 12. a3 c5 13. dxc5 dxc5 14. Be2 Rc8 15. Qd6 Qxd6 16. Rxd6 Ke7 17. Rhd1 Rhd8 18. a4 b4 19. Na2 Rc6 20. Rxc6 Bxc6 21. a5 Bb5 22. Nc1 Ne8 23. Bxb5 axb5 24. Nb3 c4 25. Nc5 Ne5 26. Rxd8 Kxd8 27. Ncxe6+ fxe6 28. Nxe6+ Kc8 29. Nxg7 Nxg7 30. Bd4 Nxf3 31. gxf3 Ne6 32. Be3 g5 33. hxg5 h4 34. g6 h3 35. Bg1 1-0


[Site "https://www.chess.com"]

[Event "Titled Tuesday Blitz August 23 Early 2022"]
[White "Mindlin, Alon"]
[Black "Lenderman, Aleksandr"]
[WhiteFideId "2800071"]
[BlackFideId "2021285"]
[WhiteElo "2417"]
[BlackElo "2607"]
[Result "0-1"]
[Round "03"]
[TimeControl "180+1"]
[Date "2022.08.23"]
[WhiteClock "0:00:51"]
[BlackClock "0:01:22"]

1. d4 e6 2. c4 b6 3. Nc3 Bb7 4. Nf3 Bb4 5. g3 Bxc3+ 6. bxc3 Nf6 7. Bg2 O-O 8. O-O d6 9. a4 Nc6 10. Qc2 Na5 11. Nd2 Bxg2 12. Kxg2 c5 13. e4 cxd4 14. cxd4 Rc8 15. Ba3 Re8 16. Qd3 Qc7 17. Rfc1 e5 18. d5 Nd7 19. Bb4 Nc5 20. Qe3 Nab7 21. Nb3 Nxb3 22. Qxb3 Qd7 23. h3 Rc7 24. a5 bxa5 25. Bxa5 Nc5 26. Qc2 Rb7 27. Bd2 Nb3 28. Rxa7 Nxc1 29. Rxb7 Qxb7 30. Bxc1 Rc8 31. Be3 Qb4 32. c5 dxc5 33. Kf3 c4 34. Qa2 c3 35. Qa6 Qc4 36. Qb6 c2 37. d6 c1=Q 38. Bxc1 Qxc1 39. d7 Qd1+ 0-1


[Site "https://www.chess.com"]

[Event "Titled Tuesday Blitz August 23 Early 2022"]
[White "Mitrabha, Guha"]
[Black "Ceres, Dragos"]
[WhiteFideId "5057000"]
[BlackFideId "13905864"]
[WhiteElo "2499"]
[BlackElo "2150"]
[Result "1/2-1/2"]
[Round "03"]
[TimeControl "180+1"]
[Date "2022.08.23"]
[WhiteClock "0:00:58"]
[BlackClock "0:00:29"]

1. Nf3 d5 2. g3 c6 3. Bg2 Bg4 4. O-O e6 5. d3 Bd6 6. Nbd2 Ne7 7. e4 Nd7 8. Re1 O-O 9. c3 Ne5 10. Qc2 Nxf3+ 11. Nxf3 dxe4 12. dxe4 e5 13. Be3 Ng6 14. Rad1 Qe7 15. b4 a5 16. a3 axb4 17. axb4 Rfd8 18. Ra1 Nf8 19. h3 Bxf3 20. Bxf3 Ne6 21. Kg2 g6 22. h4 h5 23. Be2 Kg7 24. Bc4 b5 25. Bb3 Bc7 26. Ra2 Rxa2 27. Qxa2 Bd6 28. Ra1 Rc8 29. Qa7 Qxa7 30. Rxa7 Rc7 31. Ra6 Be7 32. Bb6 Rc8 33. Ra7 Kf8 34. Be3 c5 35. bxc5 Bxc5 36. Bxe6 fxe6 37. Bh6+ Ke8 38. Rg7 Bf8 39. Rg8 Kf7 40. Rxf8+ Rxf8 41. Bxf8 Kxf8 42. Kf3 Ke8 43. Ke3 Kd7 44. f4 Kd6 45. fxe5+ Kxe5 46. Kf3 Kf6 47. Ke2 e5 48. Kd2 Ke6 49. Kc2 Kd6 50. Kb2 Kc6 51. Ka3 Kc5 52. Kb3 Kc6 53. Kc2 Kc5 54. Kb3 Kc6 55. Kb4 Kb6 56. Ka3 Kc5 57. Kb3 1/2-1/2


[Site "https://www.chess.com"]

[Event "Titled Tuesday Blitz August 23 Early 2022"]
[White "Moroni, Luca Jr"]
[Black "Leiva, Gianmarco"]
[WhiteFideId "865834"]
[BlackFideId "3804399"]
[WhiteElo "2573"]
[BlackElo "2323"]
[Result "1-0"]
[Round "03"]
[TimeControl "180+1"]
[Date "2022.08.23"]
[WhiteClock "0:00:18"]
[BlackClock "0:00:04"]

1. d4 Nf6 2. c4 e6 3. Nc3 Bb4 4. Nf3 O-O 5. e3 c5 6. Bd3 Nc6 7. O-O Bxc3 8. bxc3 d6 9. e4 e5 10. d5 Ne7 11. Ne1 Ng6 12. f3 Ne8 13. Qc2 Nf4 14. g3 Nxd3 15. Nxd3 Bh3 16. Re1 Bd7 17. f4 exf4 18. Bxf4 g5 19. Be3 f6 20. Re2 Qe7 21. Rf1 Bh3 22. Rff2 Nc7 23. Bc1 Rf7 24. Re1 Re8 25. Qd1 Qd7 26. e5 fxe5 27. Bxg5 Ref8 28. Bh6 Bg4 29. Qd2 Re8 30. Qg5+ Kh8 31. Rxf7 Qxf7 32. Qxg4 Rg8 33. Qe2 Qg6 34. Bc1 h5 35. Qe4 Qxe4 36. Rxe4 Kh7 37. Kg2 Na8 38. h4 Nb6 39. Bg5 Kg6 40. Nb2 Rg7 41. Re2 Nd7 42. Rf2 Rf7 43. Rxf7 Kxf7 44. Kf3 a6 45. g4 b5 46. cxb5 axb5 47. gxh5 Nb6 48. Ke4 c4 49. h6 Nd7 50. Kf5 Nc5 51. Bf6 b4 52. h7 bxc3 53. h8=Q cxb2 54. Qg7+ Ke8 55. Qe7# 1-0


[Site "https://www.chess.com"]

[Event "Titled Tuesday Blitz August 23 Early 2022"]
[White "Nasuta, Grzegorz"]
[Black "Jones, Gawain C B"]
[WhiteFideId "1141686"]
[BlackFideId "409561"]
[WhiteElo "2354"]
[BlackElo "2657"]
[Result "0-1"]
[Round "03"]
[TimeControl "180+1"]
[Date "2022.08.23"]
[WhiteClock "0:00:05"]
[BlackClock "0:00:10"]

1. e4 e5 2. Nf3 Nc6 3. Bc4 Nf6 4. d3 Bc5 5. O-O d6 6. c3 a5 7. Nbd2 O-O 8. h3 Ba7 9. Re1 Ne7 10. Nf1 Ng6 11. Ng3 c6 12. Bb3 Re8 13. d4 Be6 14. Bc2 h6 15. a4 Qc7 16. Be3 Rad8 17. Qc1 Qe7 18. Nf5 Qf8 19. dxe5 Bxe3 20. Qxe3 dxe5 21. Qb6 Nf4 22. Ng3 Qe7 23. Ne2 N6h5 24. Nxf4 Nxf4 25. Qe3 Qf6 26. Kh2 Qg6 27. g3 Nxh3 28. Nh4 Qh5 29. Kg2 Nf4+ 30. gxf4 Qxh4 31. f5 Bc4 32. Rh1 Qg4+ 33. Qg3 Qxg3+ 34. Kxg3 Rd2 35. Rac1 Bd3 36. Bxd3 Rxd3+ 37. Kg2 Rd2 38. Rb1 Red8 39. Rhe1 R8d7 40. Kf3 Kf8 41. Kg2 Ke7 42. b4 Rc2 43. bxa5 Rxc3 44. Rb2 Ra3 45. Reb1 Rxa4 46. Rxb7 Rxa5 47. Rxd7+ Kxd7 48. Rb7+ Ke8 49. Rc7 Rc5 50. Kg3 Rc4 51. f3 Kf8 52. Kg4 Rc1 53. Kg3 Ke8 54. Kg4 Rg1+ 55. Kh3 Rf1 56. Kg2 Rc1 57. Kg3 c5 58. Kg2 c4 59. Kg3 c3 60. Kg2 c2 61. Kh2 Kd8 62. Rc3 Ke7 63. Kg2 Kf6 64. Kh2 Kg5 65. Kg2 Kf4 66. Kh2 h5 67. Kg2 h4 68. Kh2 h3 69. f6 gxf6 70. Rc6 f5 71. exf5 Kxf3 72. f6 Re1 73. Rxc2 Re2+ 74. Rxe2 Kxe2 75. Kxh3 Kf3 76. Kh4 e4 77. Kg5 e3 78. Kh6 e2 79. Kg7 e1=Q 80. Kxf7 Qe5 81. Kg6 Qe6 82. Kg7 Qg4+ 83. Kh7 Qh5+ 84. Kg7 Qg5+ 85. Kf7 Ke4 86. Ke6 Qe5+ 87. Kf7 Kf5 88. Kg8 Kxf6 89. Kh7 0-1


[Site "https://www.chess.com"]

[Event "Titled Tuesday Blitz August 23 Early 2022"]
[White "Ohanyan, Emin"]
[Black "Al-Tarboush, Ward"]
[WhiteFideId "13312022"]
[BlackFideId "7601450"]
[WhiteElo "1927"]
[BlackElo "2234"]
[Result "1-0"]
[Round "03"]
[TimeControl "180+1"]
[Date "2022.08.23"]
[WhiteClock "0:00:07"]
[BlackClock "0:00:05"]

1. e4 e6 2. d4 d5 3. Nc3 Nf6 4. e5 Nfd7 5. f4 c5 6. Nf3 Nc6 7. Be3 a6 8. Qd2 b5 9. dxc5 Bxc5 10. Bd3 Qb6 11. Bf2 Bb7 12. O-O Bxf2+ 13. Rxf2 O-O-O 14. a4 b4 15. Ne2 a5 16. Bb5 f6 17. Ned4 fxe5 18. Nxc6 Bxc6 19. Bxc6 Qxc6 20. Nxe5 Nxe5 21. fxe5 Rhf8 22. Raf1 Qb6 23. Kh1 Qc5 24. Qe2 Kb8 25. Rxf8 Rxf8 26. Qb5+ Ka8 27. Rxf8+ Qxf8 28. Qxa5+ Kb7 29. Qb5+ Kc7 30. Qe2 Qf4 31. Qe1 Qd4 32. b3 Qc3 33. Qf2 Qxe5 34. Qc5+ Kd7 35. Qb5+ Kd8 36. Qb6+ Ke8 37. Qb5+ Kf7 38. h3 Qe1+ 39. Kh2 Qe5+ 40. Kh1 h5 41. Qf1+ Kg8 42. a5 Qc7 43. a6 Qa5 44. Qe2 Qa1+ 45. Kh2 e5 46. Qxh5 Qxa6 47. Qxe5 Qc6 48. Qe2 Qc7+ 49. Kg1 Qc3 50. Kf2 Qf6+ 51. Qf3 Qb6+ 52. Ke2 Qc6 53. Kd2 Qh6+ 54. Kd1 Qc6 55. Qf5 Qc5 56. Qe6+ Kf8 57. Qf5+ Kg8 58. Qf3 Qd4+ 59. Ke2 Qe5+ 60. Qe3 Qd6 61. Qe8+ Kh7 62. Qh5+ Kg8 63. Qe8+ Kh7 64. Qe3 d4 65. Qe4+ Kg8 66. Kd3 Qc7 67. Qd5+ Kh7 68. Qh5+ Kg8 69. Qe8+ Kh7 70. Qe4+ Kg8 71. Kxd4 Qc3+ 72. Kd5 Kh8 73. Ke6 Qc8+ 74. Kd6 Qc3 75. Kd5 Kg8 76. Qe8+ Kh7 77. Qe2 Kg8 78. Kd6 Qd4+ 79. Kc6 Kh8 80. Kb5 Qc3 81. Qc4 Qe5+ 82. Ka4 Qd6 83. Qh4+ Kg8 84. Qxb4 Qc6+ 85. Qb5 Qxc2 86. Qc4+ Qxc4+ 87. bxc4 Kf7 88. Kb5 Ke7 89. Kb6 Kd7 90. c5 Kc8 91. Kc6 1-0


[Site "https://www.chess.com"]

[Event "Titled Tuesday Blitz August 23 Early 2022"]
[White "Pakleza, Zbigniew"]
[Black "Adla, Diego"]
[WhiteFideId "1119290"]
[BlackFideId "100072"]
[WhiteElo "2411"]
[BlackElo "2377"]
[Result "0-1"]
[Round "03"]
[TimeControl "180+1"]
[Date "2022.08.23"]
[WhiteClock "0:00:04"]
[BlackClock "0:01:30"]

1. Nf3 d5 2. c4 e6 3. g3 dxc4 4. Qa4+ Nd7 5. Qxc4 a6 6. Bg2 b5 7. Qc2 Bb7 8. a4 c5 9. O-O Ngf6 10. d3 Be7 11. Nc3 Qb6 12. Qb3 O-O 13. axb5 Nd5 14. Bd2 Nxc3 15. bxc3 axb5 16. Rfb1 Rxa1 17. Rxa1 Ra8 18. Rb1 Bc6 19. Ne1 Bxg2 20. Nxg2 Rb8 21. Ra1 h6 22. Nf4 Ne5 23. Qa2 b4 24. cxb4 cxb4 25. Qb3 Ng4 26. e3 Ne5 27. e4 Nf3+ 28. Kg2 Nxd2 29. Qc2 Nxe4 30. dxe4 b3 31. Qd3 b2 32. Rb1 Bf6 33. Nh5 Bd4 34. f4 Ra8 35. e5 Ra1 36. Kh3 Rxb1 37. Qxb1 Qb3 38. Qe4 b1=Q 0-1


[Site "https://www.chess.com"]

[Event "Titled Tuesday Blitz August 23 Early 2022"]
[White "Palchuk, Andrii"]
[Black "Puranik, Abhimanyu"]
[WhiteFideId "14176688"]
[BlackFideId "5061245"]
[WhiteElo "2338"]
[BlackElo "2520"]
[Result "0-1"]
[Round "03"]
[TimeControl "180+1"]
[Date "2022.08.23"]
[WhiteClock "0:00:13"]
[BlackClock "0:01:01"]

1. d4 Nf6 2. Nf3 g6 3. c4 Bg7 4. g3 c6 5. Bg2 O-O 6. O-O d5 7. Nbd2 a5 8. b3 Bf5 9. Bb2 a4 10. Qc1 Ne4 11. e3 Nd7 12. h3 Qa5 13. Nb1 b5 14. g4 Be6 15. Nfd2 Nxd2 16. Qxd2 b4 17. Qe2 a3 18. Bc1 Rac8 19. Nd2 dxc4 20. bxc4 Qa6 21. Rb1 Rb8 22. Rd1 f5 23. gxf5 Rxf5 24. f4 c5 25. d5 Rxd5 26. Bxd5 Bxd5 27. e4 Bd4+ 28. Kg2 Bf7 29. e5 Qc6+ 30. Qf3 Qxf3+ 31. Kxf3 g5 32. Bxa3 Bh5+ 33. Ke4 Bxd1 34. Bxb4 Bc2+ 0-1


[Site "https://www.chess.com"]

[Event "Titled Tuesday Blitz August 23 Early 2022"]
[White "Pap, Gyula"]
[Black "Williams, Simon K"]
[WhiteFideId "725323"]
[BlackFideId "404454"]
[WhiteElo "2553"]
[BlackElo "2468"]
[Result "0-1"]
[Round "03"]
[TimeControl "180+1"]
[Date "2022.08.23"]
[WhiteClock "0:00:47"]
[BlackClock "0:01:28"]

1. d4 e6 2. c4 f5 3. a3 Nf6 4. Nc3 g6 5. h4 Bg7 6. Bg5 h6 7. Bf4 d6 8. Qd2 Qe7 9. e3 Nc6 10. O-O-O e5 11. Bg3 O-O 12. dxe5 dxe5 13. Nd5 Nxd5 14. cxd5 Nd8 15. d6 cxd6 16. Qxd6 Qxd6 17. Rxd6 f4 18. Bc4+ Kh7 19. exf4 exf4 20. Bh2 Nf7 21. Rd2 Ne5 22. Be2 Be6 23. Nf3 Rac8+ 24. Kb1 Ng4 25. Bd3 Rcd8 26. h5 Rxd3 27. hxg6+ Kg8 28. Rxd3 Bf5 29. Kc2 Nxf2 0-1


[Site "https://www.chess.com"]

[Event "Titled Tuesday Blitz August 23 Early 2022"]
[White "Papasimakopoulos, Alexandros"]
[Black "Kamsky, Gata"]
[WhiteFideId "4244125"]
[BlackFideId "2000024"]
[WhiteElo "2357"]
[BlackElo "2666"]
[Result "0-1"]
[Round "03"]
[TimeControl "180+1"]
[Date "2022.08.23"]
[WhiteClock "0:00:29"]
[BlackClock "0:00:06"]

1. d4 f5 2. e4 fxe4 3. Nc3 Nf6 4. Bg5 c6 5. f3 e3 6. Bxe3 Qb6 7. Qd2 Qxb2 8. Rb1 Qa3 9. Bc4 d5 10. Bd3 g6 11. Nge2 Bg7 12. h4 Nbd7 13. Bh6 Bxh6 14. Qxh6 e5 15. Bxg6+ Kd8 16. dxe5 Nxe5 17. Bf5 Qe7 18. Bxc8 Rxc8 19. Rxb7 Rc7 20. Rxc7 Kxc7 21. Qe3 Kb7 22. O-O Re8 23. Nd4 Ka8 24. f4 Neg4 25. Qxe7 Rxe7 26. Rb1 c5 27. Nc6 Rb7 28. Rxb7 Kxb7 29. Ne5 d4 30. Na4 Ne3 31. Nxc5+ Kb6 32. Nb3 Nxc2 33. Nf3 d3 34. Kf2 Ne4+ 35. Kf1 Ng3+ 36. Kg1 Ne2+ 37. Kf2 Nxf4 38. g3 Nd5 39. Ne5 Ndb4 40. a4 Kc7 41. g4 Kd6 42. Nc4+ Kd5 43. Ne3+ Ke4 44. Nxc2 dxc2 45. Nc1 Nd3+ 46. Ke2 Nxc1+ 47. Kd2 Nb3+ 48. Kxc2 Nc5 49. a5 Nb7 50. g5 Nxa5 51. h5 Kf5 52. g6 hxg6 53. h6 Kf6 0-1


[Site "https://www.chess.com"]

[Event "Titled Tuesday Blitz August 23 Early 2022"]
[White "Paravyan, David"]
[Black "Vakhlamov, Igor L."]
[WhiteFideId "4194985"]
[BlackFideId "24126748"]
[WhiteElo "2569"]
[BlackElo "2401"]
[Result "1/2-1/2"]
[Round "03"]
[TimeControl "180+1"]
[Date "2022.08.23"]
[WhiteClock "0:00:05"]
[BlackClock "0:00:19"]

1. e4 c5 2. Nf3 Nc6 3. Nc3 g6 4. d4 cxd4 5. Nxd4 Bg7 6. Be3 Nf6 7. Bc4 O-O 8. Bb3 a5 9. O-O Nxd4 10. Bxd4 d6 11. Re1 Bd7 12. a4 Bc6 13. Nd5 e6 14. Nxf6+ Bxf6 15. c3 Bxd4 16. Qxd4 Qe7 17. Rad1 Rfd8 18. h3 b5 19. axb5 Bxb5 20. Bc2 a4 21. Ra1 Qb7 22. Reb1 Bc6 23. f3 Qb5 24. Bd3 Qc5 25. Qxc5 dxc5 26. Rd1 Rab8 27. Bc2 Rxd1+ 28. Bxd1 Rxb2 29. Bxa4 Bb5 30. Bxb5 Rxb5 31. Ra8+ Kg7 32. Rc8 g5 33. Kf2 h5 34. g3 Kf6 35. h4 gxh4 36. gxh4 Rb2+ 37. Kg3 Rb5 38. Kf4 Ra5 39. Rh8 Ra3 40. Rh6+ Kg7 41. Rxh5 Rxc3 42. Rg5+ Kh6 43. Rg8 Kh7 44. Rc8 Kg6 45. Rc7 f6 46. Kg4 f5+ 47. Kf4 fxe4 48. fxe4 Rh3 49. Rxc5 Rxh4+ 50. Ke3 Kf6 51. Kd4 Rh1 52. Rc3 Rd1+ 53. Ke3 Re1+ 54. Kf3 Rf1+ 55. Ke3 Re1+ 56. Kf4 Rf1+ 57. Ke3 Re1+ 1/2-1/2


[Site "https://www.chess.com"]

[Event "Titled Tuesday Blitz August 23 Early 2022"]
[White "Pranesh M"]
[Black "Aldokhin, Ivan"]
[WhiteFideId "35028600"]
[BlackFideId "24115720"]
[WhiteElo "1926"]
[BlackElo "2246"]
[Result "0-1"]
[Round "03"]
[TimeControl "180+1"]
[Date "2022.08.23"]
[WhiteClock "0:02:13"]
[BlackClock "0:00:11"]

1. e4 c5 2. Nf3 e6 3. d4 cxd4 4. Nxd4 a6 5. c4 Qc7 6. Nc3 Nf6 7. Bd3 d6 8. O-O g6 9. Kh1 Bg7 10. Be3 O-O 11. Rc1 Nbd7 12. f4 b6 13. f5 Ne5 14. b3 Neg4 15. Bg5 d5 16. Bf4 e5 17. Nxd5 Qc5 18. Nc6 exf4 19. Qe2 Re8 20. b4 Qxc6 21. c5 bxc5 22. Rxc5 Qd6 23. Nc7 Bb7 24. Nxa8 Bxa8 25. fxg6 hxg6 26. Rd1 Qd4 27. Rc2 Ne3 28. Bb5 Nxd1 29. Bxe8 Nxe4 30. h4 Ng3+ 0-1


[Site "https://www.chess.com"]

[Event "Titled Tuesday Blitz August 23 Early 2022"]
[White "Salinas Herrera, Pablo"]
[Black "Matinian, Nikita"]
[WhiteFideId "3407128"]
[BlackFideId "24129100"]
[WhiteElo "2542"]
[BlackElo "2422"]
[Result "1-0"]
[Round "03"]
[TimeControl "180+1"]
[Date "2022.08.23"]
[WhiteClock "0:00:14"]
[BlackClock "0:00:01"]

1. e4 c5 2. Nf3 Nc6 3. Bb5 g6 4. Bxc6 bxc6 5. O-O Rb8 6. c3 Bg7 7. Re1 Nh6 8. d4 cxd4 9. cxd4 d6 10. h3 O-O 11. Nc3 Qa5 12. Qc2 Qh5 13. Qd3 Bd7 14. b3 Kh8 15. Bf4 f6 16. Rad1 g5 17. Bg3 g4 18. hxg4 Bxg4 19. Ne2 e5 20. Nh2 Bxe2 21. Qxe2 Qxe2 22. Rxe2 f5 23. dxe5 f4 24. Bh4 dxe5 25. Rd6 c5 26. Rc2 Rfc8 27. Nf3 Ng4 28. Ng5 c4 29. g3 h6 30. Nf3 cxb3 31. Rxc8+ Rxc8 32. axb3 Rc1+ 33. Kg2 Rc2 34. gxf4 exf4 35. Rd8+ Kh7 36. Rd7 Kg6 37. Rxa7 Bf6 38. Ra6 Kg7 39. Bxf6+ Nxf6 40. Nd4 Rc3 41. Ne6+ Kg8 42. e5 Ng4 43. Nxf4 Nxe5 44. b4 Rc4 45. Nd5 Rd4 46. Rd6 Kg7 47. b5 Nd3 48. Rd7+ Kg8 49. Nf6+ Kh8 50. Rxd4 1-0


[Site "https://www.chess.com"]

[Event "Titled Tuesday Blitz August 23 Early 2022"]
[White "Shirov, Alexei"]
[Black "Adewumi, Tanitoluwa"]
[WhiteFideId "2209390"]
[BlackFideId "30966396"]
[WhiteElo "2678"]
[BlackElo "2614"]
[Result "1-0"]
[Round "03"]
[TimeControl "180+1"]
[Date "2022.08.23"]
[WhiteClock "0:01:10"]
[BlackClock "0:00:01"]

1. e4 c5 2. Nf3 e6 3. d4 cxd4 4. Nxd4 Nc6 5. Nc3 Qc7 6. Be3 a6 7. Qf3 Bd6 8. O-O-O Be5 9. Nxc6 bxc6 10. Bd4 Bxd4 11. Rxd4 Nf6 12. Qg3 Qxg3 13. hxg3 d5 14. exd5 cxd5 15. f4 h5 16. Be2 a5 17. g4 g6 18. gxh5 Ba6 19. Bf3 gxh5 20. g4 h4 21. g5 Nd7 22. f5 Ne5 23. Rdxh4 Rg8 24. Bd1 Kd7 25. g6 fxg6 26. Rh7+ Kd6 27. fxe6 Kxe6 28. Ne2 Bxe2 29. Bxe2 g5 30. R7h6+ Rg6 31. Bg4+ Kf6 32. Rf1+ Kg7 33. Rxg6+ Kxg6 34. Be6 Rd8 35. Bf5+ Kg7 36. Bd3 Nxd3+ 37. cxd3 Kg6 38. Kd2 d4 39. Rc1 Rd5 40. Ke2 Kh5 41. Kf2 Kg4 42. Rg1+ Kf4 43. Re1 Rf5 44. Re4# 1-0


[Site "https://www.chess.com"]

[Event "Titled Tuesday Blitz August 23 Early 2022"]
[White "Solon, Nathan"]
[Black "Ibrahimli, Murad"]
[WhiteFideId "2017229"]
[BlackFideId "13410229"]
[WhiteElo "2641"]
[BlackElo "2109"]
[Result "0-1"]
[Round "03"]
[TimeControl "180+1"]
[Date "2022.08.23"]
[WhiteClock "0:00:03"]
[BlackClock "0:00:07"]

1. e4 g6 2. d4 Bg7 3. Nc3 d6 4. Be3 a6 5. Nf3 b5 6. Bd3 Bb7 7. a4 b4 8. Ne2 Nd7 9. O-O Ngf6 10. Ng3 O-O 11. h3 c5 12. c3 a5 13. Qe2 Qc7 14. Rac1 bxc3 15. bxc3 Bc6 16. Qa2 Nb6 17. Bc2 Nfd7 18. d5 Bb7 19. c4 Nb8 20. Bb3 Na6 21. Qd2 Nd7 22. Bh6 f6 23. Bxg7 Kxg7 24. Nh4 Rab8 25. Bc2 Nb4 26. Bb1 Ba6 27. f4 Nb6 28. Qe2 Nxa4 29. e5 dxe5 30. f5 g5 31. Nh5+ Kg8 32. Ng6 Nxd5 33. Qf3 Nb4 34. Ng3 Bb7 35. Qh5 Rf7 36. Ne4 Bxe4 37. Bxe4 Nb6 38. Rfd1 Nc6 39. Rb1 Nd4 40. Rxb6 Qxb6 41. Bd5 e6 42. fxe6 Nxe6 0-1


[Site "https://www.chess.com"]